 Dungeon Sprint DCSS version 0.31-a0-691-g409c26aa35 (webtiles) character file.

Game seed: 9987104056538110161

1283 rocky1 the Martial Artist (level 8, -6/84 HPs)
             Began as a Djinni Shapeshifter on Sept 6, 2023.
             Was an Initiate of Gozag.
             Mangled by a catoblepas (9 damage)
             ... while petrified
             ... in the Dungeon (Sprint IX: "|||||||||||||||||||||||||||||").
             The game lasted 00:01:57 (392 turns).

rocky1 the Martial Artist (Djinni Shapeshifter)      Turns: 392, Time: 00:01:58

Health: -6/84      AC: 24    Str: 16    XL:     8   Next: 84%
Gold:   486        EV:  2    Int: 11    God:    Gozag SH:  0 Dex: 19

rFire   . .          .
                       - Unarmed
rCold   . . .        (no shield)
rNeg    + + +        n - melded +1 chain mail
rPois   ∞            (helmet currently unavailable)
rElec   .            (cloak currently unavailable)
rCorr   .            (gloves currently unavailable)
SInv    .            (boots unavailable)
Will    .....        (no amulet)
Stlth   ++           m - +3 ring of dexterity
HPRegen 0.34/turn    l - +3 ring of strength
MPRegen 0.00/turn

%: no teleportation, infuse magic (-7 HP)
@: tree-form, petrified, gold aura
A: stationary, stasis, torment immunity, boosted hp, sickness immunity, (fire
resistance 2), (cold vulnerability 1), float, innate caster, HP casting, extra
vitality 1
a: Renounce Religion, Potion Petition, Call Merchant, Bribe Branch


You were in the Dungeon.
You worshipped Gozag.
Gozag was aware of your devotion.
You were a tree.
You visited 1 branch You collected 486 gold pieces.

Inventory:

Hand Weapons
 k - a +2 scimitar of holy wrath
Armour
 a - a +0 animal skin
 n - a +1 chain mail (melded)
 o - a +0 cloak
 p - a +0 helmet
Jewellery
 l - a +3 ring of strength (right branch)
 m - a +3 ring of dexterity (left branch)
Talismans
 c - a beast talisman
 d - a flux talisman
Wands
 j - a wand of iceblast (10)
Scrolls
 i - 2 scrolls of blinking
Potions
 e - 5 potions of curing
 g - a potion of haste


   Skills:
 + Level 3.4 Fighting
 + Level 4.6 Armour
 + Level 7.1 Dodging
 + Level 2.1 Stealth
 + Level 13.3 Unarmed Combat
 + Level 8.6 Shapeshifting


You knew the following spells:

 Your Spells              Type           Power      Damage    Failure   Level
a - Slow                  Hex            0%         N/A       34%         1
b - Passwall              Tmut/Erth      0%         N/A       47%         2
c - Dazzling Flash        Conj/Hex       0%         N/A       71%         3
Your spell library was empty.

Dungeon Overview and Level Annotations

Branches:
Dungeon (1/1)

Altars:
Cheibriados
Dithmenos
Elyvilon
Fedhas
Gozag
Hepliaklqana
Makhleb
Nemelex Xobeh
Okawaru
Qazlal
Ru
Trog
Uskayaw
Wu Jian
Xom
Yredelemnul
Zin
The Shining One
Jiyva
Lugonu


Innate Abilities, Weirdness & Mutations

You are a tree.
Your roots penetrate the ground, keeping you stationary.
You cannot be teleported.
You are immune to unholy pain and torment.
Your maximum health is greatly increased.
Your equipment is partially melded.
You are immune to sickness and miasma.
You are immune to poison.
((Your flesh is very heat resistant. (rF++)))
((You are vulnerable to cold. (rC-)))
You float through the air rather than walking.
You learn spells naturally, not from books.
Your magical power is your life essence.
You have superior vitality. (+4 MHP)


Message History

The catoblepas breathes a plume of calcifying dust at you.
The blast of calcifying dust hits you. The catoblepas gores you!
The catoblepas gores you!!
* * * LOW HITPOINT WARNING * * *
The catoblepas gores you but does no damage.
The catoblepas gores you!
* * * LOW HITPOINT WARNING * * *
The catoblepas gores you!
* * * LOW HITPOINT WARNING * * *
The catoblepas gores you!!
* * * LOW HITPOINT WARNING * * *
You turn to wood and can move again.
Unknown command.
You feel much better.
The catoblepas breathes a plume of calcifying dust at you.
The blast of calcifying dust hits you but does no damage.
The catoblepas breathes a plume of calcifying dust at you.
The blast of calcifying dust hits the catoblepas!
The blast of calcifying dust hits you!
* * * LOW HITPOINT WARNING * * *
You smack the catoblepas!
You kill the catoblepas!
You are engulfed in calcifying dust.
You are slowing down.
The catoblepas breathes a plume of calcifying dust at you.
The blast of calcifying dust hits you but does no damage.
Your Fighting skill increases to level 3!
Your Armour skill gained 2 levels and is now at level 4!
Your Dodging skill increases to level 7!
Your Stealth skill increases to level 2!
Your Unarmed Combat skill increases to level 13!
Unknown command.
You are engulfed in calcifying dust.
Your limbs have turned to stone.
The catoblepas gores you!!
* * * LOW HITPOINT WARNING * * *
You have turned to stone.
You are engulfed in calcifying dust.
The catoblepas gores you!!
You die...
Your body crumbles into a pile of gold.

▓.▓
▓T▓
▓u▓
▓R▓
▓J▓
▓.▓
▓Y▓
▓♣▓
▓§▓
▓§▓
▓.▓
▓.▓
▓)▓
▓)▓
▓.▓
▓.▓


You could see a catoblepas, a green ugly thing, a slime creature, a troll and an
efreet.

Vanquished Creatures
  A catoblepas (D)
  2 wraiths (D)
  An acid dragon (D)
  An orc warrior (D)
  An ogre (D)
  A centaur (D)
  A gnoll sergeant (D)
  A howler monkey (D)
  2 gnolls (D)
  An adder (D)
  An orc (D)
  An endoplasm (D)
  2 kobolds (D)
  A bat (D)
17 creatures vanquished.

Notes
Turn   | Place    | Note
-------+----------+-------------------------------------------
     0 | D        | rocky1 the Djinni Shapeshifter began the quest for the Orb.
     0 | D        | Reached XP level 1. HP: 17/17 MP: 0/0
    13 | D        | Reached skill level 4 in Unarmed Combat
    13 | D        | Reached XP level 2. HP: 19/22 MP: 0/0
    41 | D        | Noticed a howler monkey
    41 | D        | Noticed an ogre
    49 | D        | Reached XP level 3. HP: 19/27 MP: 0/0
    49 | D        | Learned a level 1 spell: Slow
    61 | D        | Killed an ogre
    62 | D        | Reached skill level 6 in Unarmed Combat
    62 | D        | Reached skill level 5 in Shapeshifting
    62 | D        | Reached XP level 4. HP: 32/32 MP: 0/0
    62 | D        | Reached XP level 5. HP: 37/37 MP: 0/0
    62 | D        | Learned a level 2 spell: Passwall
    67 | D        | Reached skill level 7 in Unarmed Combat
   166 | D        | Found a snail-covered altar of Cheibriados.
   166 | D        | Found a shadowy altar of Dithmenos.
   166 | D        | Found a white marble altar of Elyvilon.
   166 | D        | Found a blossoming altar of Fedhas.
   166 | D        | Found an opulent altar of Gozag.
   167 | D        | Found a hazy altar of Hepliaklqana.
   168 | D        | Found a viscous altar of Jiyva.
   170 | D        | Found a corrupted altar of Lugonu.
   171 | D        | Found a burning altar of Makhleb.
   172 | D        | Found a sparkling altar of Nemelex Xobeh.
   173 | D        | Found an iron altar of Okawaru.
   174 | D        | Became a worshipper of Gozag Ym Sagoz the Greedy
   175 | D        | Found a stormy altar of Qazlal.
   176 | D        | Found a sacrificial altar of Ru.
   178 | D        | Found a bloodstained altar of Trog.
   179 | D        | Found a hide-covered altar of Uskayaw.
   181 | D        | Found an ornate altar of the Wu Jian Council.
   182 | D        | Found a shimmering altar of Xom.
   183 | D        | Found a basalt altar of Yredelemnul.
   184 | D        | Found a glowing silver altar of Zin.
   185 | D        | Found a glowing golden altar of the Shining One.
   233 | D        | Noticed an acid dragon
   233 | D        | Noticed an orc warrior
   233 | D        | Noticed a wraith
   233 | D        | Noticed a centaur
   233 | D        | Noticed a wraith
   242 | D        | Killed a wraith
   243 | D        | Reached skill level 9 in Unarmed Combat
   243 | D        | Reached XP level 6. HP: 22/43 MP: 0/0
   248 | D        | Reached skill level 1 in Armour
   248 | D        | Reached skill level 5 in Dodging
   253 | D        | Killed a wraith
   254 | D        | Reached skill level 1 in Stealth
   254 | D        | Reached skill level 10 in Unarmed Combat
   254 | D        | Reached XP level 7. HP: 36/49 MP: 0/0
   254 | D        | Learned a level 3 spell: Dazzling Flash
   259 | D        | Reached skill level 11 in Unarmed Combat
   272 | D        | Killed an acid dragon
   273 | D        | Reached skill level 12 in Unarmed Combat
   273 | D        | Reached XP level 8. HP: 27/55 MP: 0/0
   363 | D        | Noticed a troll
   363 | D        | Noticed a green ugly thing
   363 | D        | Noticed a slime creature
   363 | D        | Noticed a catoblepas
   363 | D        | Noticed an efreet
   363 | D        | Noticed a catoblepas
   388 | D        | HP: 4/82 [catoblepas (10)]
   390 | D        | Killed a catoblepas
   391 | D        | Reached skill level 13 in Unarmed Combat
   392 | D        | Mangled by a catoblepas

Illustrated notes

Levels and vault maps discovered:
D:        linesprint [early_d, line_temple, items_1, d_10, items_2, lair_1,
          lair_end, items_3, orc_1, orc_end, items_4, d_15, swamp_1, shoals_1,
          snake_1, spider_1, d_20, vaults_1, items_5, swamp_end, shoals_end,
          snake_end, spider_end, vaults_end, d_27, items_6, zot_1, zot_end,
          crypt_end, forest_end, elf_end, slime_end, tomb_end, abyss_end,
          pan_hell_end]

Skill      XL: |  1  2  3  4  5  6  7  8 |
---------------+-------------------------+-----
Unarmed Combat | 4 6 9 10 12 13 | 13.3
Shapeshifting  | 3 4 5 7 8 |  8.6
Dodging        | 3 4 5 6 7 |  7.1
Armour         | 1 2 4 |  4.6
Fighting       | 2 3 |  3.4
Stealth        | 1 2 |  2.1

Action                     |  1- 3 |  4- 6 |  7- 9 || total
---------------------------+-------+-------+-------++-------
  Melee: Unarmed           |    32 |    24 |    25 ||    81
         Punch             |       |     1 |     3 ||     4
    Use: Potion            |     1 |     2 |     3 ||     6
   Stab: Invisible         |       |     1 |       ||     1
 Armour: Animal skin       |    14 |     2 |       ||    16
         Chain mail        |       |    20 |    18 ||    38
         Skin              |       |       |    31 ||    31
  Dodge: Dodged            |    13 |    10 |    10 ||    33

Table legend: (Time is in decaauts)
 A = Elapsed time spent in this place.
 B = Non-inter-level travel time spent in this place.
 C = Inter-level travel time spent in this place.
 D = Time resting spent in this place.
 E = Time spent auto-exploring this place.
 F = Levels seen in this place.
 G = Mean time per level.
                   A        B        C        D        E       F      G
               +--------+--------+--------+--------+--------+-----+--------+
         Total |    412 |    412 |      0 |    205 |      0 |   1 |  412.0 |
       Dungeon |    412 |    412 |      0 |    205 |      0 |   1 |  412.0 |
               +--------+--------+--------+--------+--------+-----+--------+

Top non-repeatable levels by time:
       D: 412 daAuts
